 Dungeon Crawl Stone Soup version 0.30.0-15-g856e2d3f33 (webtiles) character file.

Game seed: 2831608241874686956

53 qw the Chopper (level 3, -2/23 HPs)
             Began as a Gargoyle Cinder Acolyte on May 18, 2023.
             Was a High Priest of Ignis.
             Slain by a gnoll
             ... wielding a +1 spear of distortion
              (5 damage)
             ... on level 2 of the Dungeon.
             The game lasted 00:00:41 (1062 turns).

qw the Chopper (Gargoyle Cinder Acolyte)            Turns: 1062, Time: 00:00:42

Health: -2/23      AC: 12    Str: 19    XL:     3   Next: 87%
Magic:  4/4        EV: 11    Int: 14    God:    Ignis [*****.]
Gold:   85         SH:  0    Dex:  5    Spells: 4/4 levels left

rFire   + . .        Y - +0 hand axe (flame)
rCold   . . .        (no shield)
rNeg    + . .        b - +0 robe
rPois   inf          (no helmet)
rElec   +            (no cloak)
rCorr   .            (no gloves)
SInv    .            (no boots)
Will    .....        (no amulet)
Stlth   +            (no ring)
HPRegen 0.23/turn    (no ring)
MPRegen 0.09/turn

%: no passive effects
@: fiery-armoured
A: sickness immunity, AC +3, negative energy resistance 1, electricity
resistance, torment resistance 1, petrification resistance
a: Renounce Religion, Fiery Armour, Foxfire Swarm, Rising Flame


You were on level 2 of the Dungeon.
You worshipped Ignis.
Ignis was extremely pleased with you.
You visited 1 branch of the dungeon, and saw 2 of its levels.

You collected 85 gold pieces.


Innate Abilities, Weirdness & Mutations

You are immune to sickness and miasma.
Your stone body is resilient. (AC +3)
You are immune to poison.
You resist negative energy. (rN+)
You are resistant to electric shocks. (rElec)
You are resistant to unholy torment.
You are immune to petrification.


   Skills:
 - Level 3.2 Fighting
 + Level 4.2 Axes
 - Level 1.0 Spellcasting
 - Level 3.0 Fire Magic


You had 4 spell levels left.
You didn't know any spells.
Your spell library contained the following spells:

 Spells                   Type           Power      Damage    Failure   Level
 Scorch                   Fire           18%        2d6       12%         2

Inventory:

Hand Weapons
 Y - a +0 hand axe of flaming (weapon)
Armour
 b - a +0 robe (worn)
Scrolls
 c - a scroll of enchant armour {unknown}
 f - a scroll of identify
Potions
 a - a potion of curing {unknown}

Dungeon Overview and Level Annotations

Branches:
Dungeon (2/15)

Altars:


Message History

The quokka twitches its whiskers.
You hit the quokka. You burn the quokka.
The quokka is heavily wounded.
The quokka bites you but does no damage.
You hit the quokka but do no damage.
The quokka is heavily wounded.
The quokka bites you but does no damage.
You slash the quokka! You burn the quokka.
You kill the quokka!
A gnoll comes into view. It is wielding a +0 flail.
The gnoll shouts!
A gnoll comes into view.
It is wielding a +1 spear of distortion.
1053 ||| Stepping ~*~*~tactically~*~*~ (stealth).
The gnoll shouts!
You hear a shout!
A gnoll comes into view. It is wielding a +0 spear.
1056 ||| INVOKING Fiery Armour.
A protective cloak of flame settles atop you.
You hit the gnoll but do no damage. The gnoll completely misses you.
You barely miss the gnoll. The gnoll hits you with a +0 flail.
The gnoll is burned by your cloak of flames.
The gnoll is moderately wounded.
You barely miss the gnoll.
The gnoll is moderately wounded.
The gnoll hits you with a +0 flail.
The gnoll is burned by your cloak of flames.
The gnoll is moderately wounded.
You hit the gnoll but do no damage.
The gnoll is moderately wounded.
The gnoll closely misses you. The gnoll hits you with a +0 flail!
The gnoll is burned by your cloak of flames.
The gnoll is severely wounded.
You hit the gnoll. You burn the gnoll.
The gnoll is almost dead.
The gnoll hits you but does no damage. The gnoll barely misses you. x2
You barely miss the gnoll.
The gnoll is almost dead.
The gnoll hits you but does no damage. Space warps around you.
You die...

#%# #.# #.# #)#
############
##.###..........#
#...............##
#..###.##........#######
.#..###.##.#####.........
....##...#.## #@########
.##.#.......####g#
................gg
.##.#.......####... .
#.##...#.## #.### .
..###..#.# #.# .####
##.#.# #.# #.#.. #..
#.###


You could see 3 gnolls.

Vanquished Creatures
  An adder (D:2)
  2 dart slugs (D:1)
  5 endoplasms
  3 goblins (D:1)
  2 hobgoblins
  3 jackals (D:1)
  5 kobolds
  2 quokkas
  4 ball pythons
  3 bats (D:1)
  4 frilled lizards
  2 rats (D:1)
36 creatures vanquished.

Notes
Turn   | Place    | Note
-------+----------+-------------------------------------------
     0 | D:1      | qw the Gargoyle Cinder Acolyte began the quest for the Orb.
     0 | D:1      | Reached XP level 1. HP: 14/14 MP: 2/2
     0 | D:1      | 0 ||| qw: Version: 0.2-a-95-gc95f03d
     0 | D:1      | 0 ||| qw: Game counter: 42
     0 | D:1      | 0 ||| qw: Always use a shield: true
     0 | D:1      | 0 ||| qw: God list: Okawaru
     0 | D:1      | 0 ||| qw: Allow faded altars: false
     0 | D:1      | 0 ||| qw: Do Orc after D:15 true
     0 | D:1      | 0 ||| qw: Do second Lair branch before Depths: true
     0 | D:1      | 0 ||| qw: Lair rune preference: random
     0 | D:1      | 0 ||| qw: Plans: Normal
     0 | D:1      | 0 ||| PLANNING D:1-11
    17 | D:1      | 17 ||| Stepping ~*~*~tactically~*~*~ (hiding).
    67 | D:1      | Reached skill level 3 in Axes
   126 | D:1      | Reached XP level 2. HP: 19/19 MP: 3/3
   134 | D:1      | 134 ||| INVOKING Fiery Armour.
   420 | D:1      | Reached XP level 3. HP: 23/23 MP: 4/4
   437 | D:1      | 437 ||| Stepping ~*~*~tactically~*~*~ (stealth).
   448 | D:1      | 448 ||| INVOKING Fiery Armour.
   533 | D:1      | 533 ||| Stepping ~*~*~tactically~*~*~ (hiding).
   651 | D:1      | 651 ||| READING scroll labelled FIC OTOMEOGOTZ.
   652 | D:1      | 652 ||| READING scroll labelled QOTSEW LIJELU.
   653 | D:1      | 653 ||| READING scroll labelled CINALEMUCY.
   654 | D:1      | 654 ||| READING 2 scrolls labelled KAXEUN OLEXT.
   655 | D:1      | 655 ||| READING scroll labelled UJYNOFI PUXZUA.
   659 | D:1      | 659 ||| READING scroll labelled VYFED KILLIEHU.
   660 | D:1      | 660 ||| DRINKING 2 glowing cyan potions.
   661 | D:1      | 661 ||| DROPPING potion of flight.
   686 | D:2      | Reached skill level 4 in Axes
   999 | D:2      | Found the +5 woodcutter's axe
  1053 | D:2      | 1053 ||| Stepping ~*~*~tactically~*~*~ (stealth).
  1056 | D:2      | 1056 ||| INVOKING Fiery Armour.
  1060 | D:2      | HP: 3/23 [gnoll/+0 flail (9)]
  1062 | D:2      | Slain by a gnoll

Levels and vault maps discovered:
D:1:      zaba_arrival_water, layout_basic
D:2:      layout_loops_ring

Skill      XL: |  1  2  3 |
---------------+----------+-----
Axes           | 3 4 |  4.2
Fighting       | |  3.2
Spellcasting   | |  1.0
Fire Magic     | |  3.0

Action                     || total
---------------------------++-------
  Melee: Hand axe          ||   106
         Punch             ||     1
 Invoke: Fiery Armour      ||     3
    Use: Scroll            ||     6
         Potion            ||     1
 Armour: Robe              ||    57
  Dodge: Dodged            ||    78

Table legend:
 A = Non-vault XP
 B = Vault XP
 C = Vault XP percentage of total XP
 D = Non-vault monster count
 E = Vault monster count
 F = Vault count percentage of total count
                 A         B        C        D         E       F
            +---------+---------+-------+---------+---------+-------
      Total |      76 |       0 |   0.0 |      36 |       0 |   0.0
            +---------+---------+-------+---------+---------+-------
        D:1 |      50 |       0 |   0.0 |      27 |       0 |   0.0
        D:2 |      26 |       0 |   0.0 |       9 |       0 |   0.0
            +---------+---------+-------+---------+---------+-------
